 Dungeon Crawl Stone Soup version 0.20.0-8-g6b59dc7 (webtiles) character file.

143 Ijustatesigmund the Chopper (level 5, -3/47 HPs)
             Began as a Hill Orc Fighter on May 30, 2017.
             Slain by a smoke demon (7 damage)
             ... on level 1 of the Abyss.
             The game lasted 00:05:55 (1613 turns).

Ijustatesigmund the Chopper (Hill Orc Fighter)      Turns: 1613, Time: 00:05:56

Health: -3/47      AC:  7    Str: 22    XL:     5   Next: 25%
Magic:  5/5        EV:  8    Int:  9    God:
Gold:   180        SH: 10    Dex: 10    Spells: 4/4 levels left

rFire    . . .     SeeInvis .   a - +1 war axe
rCold    . . .     Gourm    .   c - +1 shield
rNeg     . . .     Faith    .   b - +0 ring mail
rPois    .         Spirit   .   (no helmet)
rElec    .         Reflect  .   (no cloak)
rCorr    .         Harm     .   o - +1 pair of gloves
MR       .....                  (no boots)
Stlth    ..........             i - amulet of regeneration
Regen    0.6/turn               (no ring)
MPRegen  0.1/turn               (no ring)

@: mighty, liquid flames, glowing
A: weak 1
a: no special abilities


You were on level 1 of the Abyss.
You were not hungry.

You visited 1 branch of the dungeon, and saw 3 of its levels.
You visited the Abyss 1 time.

You collected 180 gold pieces.

Inventory:

Hand Weapons
 a - a +1 war axe (weapon)
Armour
 b - a +0 ring mail (worn)
 c - a +1 shield (worn)
 o - a +1 pair of gloves (worn)
Jewellery
 i - an amulet of regeneration (around neck)
Scrolls
 e - a scroll of teleportation
 r - 2 scrolls of recharging
Potions
 d - a potion of might
 j - 2 potions of flight
 l - 2 potions of brilliance {unknown}
 n - a potion of resistance
 p - a potion of invisibility
 s - a potion of curing {unknown}
 u - a potion of cancellation {unknown}
Books
 k - a book of Spatial Translocations

   Spells                             Type                      Level
   a - Blink                          Translocation                2
   b - Shroud of Golubria             Charms/Translocation         2
   c - Lesser Beckoning               Translocation                3
   d - Gell's Gravitas                Translocation                3
   e - Teleport Other                 Translocation                3
   f - Passage of Golubria            Translocation                4
Comestibles
 f - a bread ration
 g - a meat ration
 h - a royal jelly


   Skills:
 + Level 4.9 Fighting
 * Level 5.9 Axes
 - Level 3.2 Armour
 - Level 3.2 Shields


You had 4 spell levels left.
You didn't know any spells.

Dungeon Overview and Level Annotations

Branches:
Dungeon (3/15)

Altars:
Xom


Innate Abilities, Weirdness & Mutations

You are weak. (Str -2)


Message History

You closely miss the smoke demon.
You are covered in liquid flames!
* * * LOW HITPOINT WARNING * * *
You block the neqoxec's attack. The smoke demon gestures at you.
The sticky flame hits you!
You are covered in liquid flames!
* * * LOW HITPOINT WARNING * * *
The neqoxec hits you.
* * * LOW HITPOINT WARNING * * *
You block the smoke demon's attack. x2
The smoke demon hits you but does no damage.
A small abomination comes into view.
You completely miss the neqoxec.
The neqoxec is lightly wounded.
You barely miss the smoke demon.
You are covered in liquid flames!
* * * LOW HITPOINT WARNING * * *
The neqoxec closely misses you. The smoke demon hits you!
You die...

.# .# #.#
.. ##x## #
##...# #.
#.3..#
.##.. #.@3#
......##.##
#.# ..##
#.###.# #..
.# ..
#.#.##
..###..##
#.. ...#
#.###.##


You could see a smoke demon, a neqoxec and a small abomination.

Vanquished Creatures
  An orc priest (D:3)
  Jessica (D:3)
  3 adders (D:2)
  A white imp (Abyss:1)
  3 dart slugs
  A leopard gecko (D:2)
  2 orcs (D:3)
  A ball python (D:2)
  5 bats
  3 giant cockroaches
  6 goblins
  A hobgoblin (D:2)
  3 jackals (D:3)
  4 kobolds
  5 frilled lizards
  7 rats
47 creatures vanquished.

Notes
Turn   | Place    | Note
-------+----------+-------------------------------------------
     0 | D:1      | Ijustatesigmund the Hill Orc Fighter began the quest for the Orb.
     0 | D:1      | Reached XP level 1. HP: 19/19 MP: 1/1
    17 | D:1      | Reached skill level 3 in Axes
    85 | D:1      | Reached XP level 2. HP: 27/27 MP: 2/2
   559 | D:2      | Found a shimmering altar of Xom.
   568 | D:2      | Reached skill level 4 in Axes
   598 | D:2      | Reached XP level 3. HP: 33/33 MP: 3/3
  1199 | D:2      | Reached XP level 4. HP: 36/41 MP: 4/4
  1276 | D:2      | Reached skill level 5 in Axes
  1400 | D:3      | Noticed Jessica
  1417 | D:3      | Killed Jessica
  1417 | D:3      | Reached XP level 5. HP: 12/47 MP: 5/5
  1494 | D:3      | Cast into level 1 of the Abyss (orc)
  1606 | Abyss:1  | Noticed a neqoxec
  1606 | Abyss:1  | Gained mutation: You are weak. (Str -2) [a neqoxec]
  1608 | Abyss:1  | Noticed a smoke demon
  1613 | Abyss:1  | Slain by a smoke demon

Skill      XL: |  1  2  3  4 |
---------------+-------------+-----
Axes           | 3 4 5 |  5.9
Fighting       | 4 |  4.9
Armour         | |  3.2
Shields        | |  3.2

Action                   |  1- 3 |  4- 6 || total
-------------------------+-------+-------++-------
Melee: War axe           |    93 |    40 ||   133
  Use: Scroll            |     2 |    12 ||    14
       Potion            |       |     3 ||     3
  Eat: Chunk             |       |     2 ||     2
Armor: Scale mail        |    21 |       ||    21
       Ring mail         |    15 |    12 ||    27
Dodge: Dodged            |    21 |    15 ||    36
Block: Shield            |    62 |    24 ||    86
